 Dungeon Crawl Stone Soup version 0.20.0-10-g0535bb4 (console) character file.

83 jeanjacques the Chucker (level 4, -2/44 HPs)
             Began as a Troll Hunter on June 4, 2017.
             Slain by Prince Ribbit (15 damage)
             ... on level 5 of the Dungeon.
             The game lasted 00:02:15 (568 turns).

jeanjacques the Chucker (Troll Hunter)               Turns: 568, Time: 00:02:16

Health: -2/44      AC:  5    Str: 20    XL:     4   Next: 22%
Magic:  3/3        EV: 10    Int:  7    God:
Gold:   71         SH:  0    Dex: 11    Spells: 3/3 levels left

rFire    . . .     SeeInvis .   a - +0 short sword
rCold    . . .     Gourm    +   (no shield)
rNeg     . . .     Faith    .   b - +0 robe
rPois    +         Spirit   .   (helmet restricted)
rElec    .         Reflect  .   (no cloak)
rCorr    .         Harm     .   (gloves unavailable)
MR       .....                  (boots unavailable)
Stlth    +.........             (no amulet)
Regen    0.6/turn               j - ring of poison resistance
MPRegen  0.1/turn               (no ring)

@: no status effects
A: unfitting armour, claws 3, fast metabolism 3, gourmand, regeneration 1,
shaggy fur 1, tough skin 2
a: no special abilities


You were on level 5 of the Dungeon.
You were completely stuffed.

You visited 1 branch of the dungeon, and saw 6 of its levels.

You collected 71 gold pieces.

Inventory:

Hand Weapons
 a - a +0 short sword (weapon)
Missiles
 c - 2 large rocks (quivered)
 d - 2 throwing nets
Armour
 b - a +0 robe (worn)
Jewellery
 j - a ring of poison resistance (left claw)
Scrolls
 g - a scroll of random uselessness {unknown}
 h - a scroll of enchant weapon {unknown}
 i - a scroll of identify
 k - a scroll of noise {unknown}
 l - a scroll of remove curse {unknown}
 m - a scroll of enchant armour {unknown}
 n - a scroll of fog {unknown}
Potions
 e - a potion of heal wounds
Comestibles
 f - 2 bread rations
 o - a royal jelly
 p - a chunk of flesh {@w1}


   Skills:
 + Level 2.5 Fighting
 - Level 3.6 Throwing
 - Level 1.5 Dodging
 - Level 0.3 Stealth
 * Level 3.0 Unarmed Combat


You had 3 spell levels left.
You didn't know any spells.

Dungeon Overview and Level Annotations

Branches:
Dungeon (6/15)
 Temple: D:4-7

Altars:

Annotations:
D:5 Prince Ribbit


Innate Abilities, Weirdness & Mutations

You are too large for most types of armour.
You have claws for hands.
Your metabolism is lightning-fast.
You like to eat raw meat.
Your natural rate of healing is unusually fast.
You are covered in fur. (AC +1)
You have very tough skin. (AC +2)


Message History

You kill the jackal!
No target in view!
No target in view!
You see here a jackal corpse.
You butcher the jackal corpse.
p - 2 chunks of flesh {@w1} Eating one of 2 chunks of flesh {@w1}.
You eat one of the 2 chunks of flesh {@w1}.
This raw flesh tastes great.
There is a stone staircase leading down here.
Found 12 gold pieces.
You now have 71 gold pieces (gained 12).
Found 14 gold pieces.
You aren't carrying any items that you can evoke.
Unknown command.
Unknown command.
Throwing (i - inventory. (,) - cycle):
c - 5 large rocks (quivered)
Aim: Prince Ribbit You throw a large rock.
The large rock misses Prince Ribbit.
Prince Ribbit hops awkwardly around.
Throwing (i - inventory. (,) - cycle):
c - 4 large rocks (quivered)
Aim: Prince Ribbit You throw a large rock.
The large rock closely misses Prince Ribbit.
Prince Ribbit blinks!
You closely miss Prince Ribbit. Prince Ribbit hits you!!
Prince Ribbit lets out a mournful croak.
Prince Ribbit closely misses you.
You puncture Prince Ribbit!
Prince Ribbit is moderately wounded.
Prince Ribbit hops awkwardly around.
Prince Ribbit hits you!
* * * LOW HITPOINT WARNING * * *
Okay, then.
Unknown command.
Throwing (i - inventory. (,) - cycle):
c - 3 large rocks (quivered)
Aim: Prince Ribbit (lightly wounded)
You throw a large rock. The large rock misses Prince Ribbit.
Prince Ribbit hits you!
You die...

#<........ .##.####.# #.
.........# #. ###.#########.###
#...............#
#.#.#########.#.######
#.#..................####
#.#..#########.......##..
#.#............FT.(..##.#
....#########.#.......#.### ....#
#.#######(#.#<#
....#########.......#.#.#.######
...>.............................
#######..........####.###########
#..........+ ...#
#..........###### #########.##


You could see Prince Ribbit.

Vanquished Creatures
  2 hounds
  A leopard gecko (D:3)
  3 orcs (D:3)
  2 jackals (D:5)
  5 kobolds
  2 quokkas (D:3)
  A ball python (D:3)
  3 bats (D:3)
19 creatures vanquished.

Notes
Turn   | Place    | Note
-------+----------+-------------------------------------------
     0 | D:1      | jeanjacques the Troll Hunter began the quest for the Orb.
     0 | D:1      | Reached XP level 1. HP: 19/19 MP: 0/0
   186 | D:3      | Reached skill level 1 in Unarmed Combat
   192 | D:3      | Reached XP level 2. HP: 28/28 MP: 1/1
   243 | D:3      | Reached skill level 2 in Fighting
   302 | D:3      | Reached skill level 2 in Unarmed Combat
   302 | D:3      | Reached XP level 3. HP: 28/35 MP: 2/2
   459 | D:4      | Reached skill level 3 in Unarmed Combat
   459 | D:4      | Reached XP level 4. HP: 42/44 MP: 3/3
   490 | D:5      | Entered Level 5 of the Dungeon
   501 | D:5      | Noticed Prince Ribbit
   529 | D:6      | Noticed a necrophage
   568 | D:5      | Slain by Prince Ribbit

Skill      XL: |  1  2  3 |
---------------+----------+-----
Unarmed Combat | 1 2 3 |  3.0
Fighting       | 2 |  2.5
Throwing       | |  3.6
Dodging        | |  1.5
Stealth        | |  0.3

Action                   |  1- 3 |  4- 6 || total
-------------------------+-------+-------++-------
Melee: Short sword       |    71 |    11 ||    82
       Punch             |     1 |       ||     1
Throw: Large rock        |       |     3 ||     3
  Use: Scroll            |       |     1 ||     1
 Stab: Sleeping          |     1 |       ||     1
  Eat: Chunk             |    10 |     1 ||    11
Armor: Robe              |    47 |     5 ||    52
Dodge: Dodged            |    51 |    11 ||    62

Table legend:
 A = Turns spent in this place as a percentage of turns spent in the entire game.
 B = Non-inter-level travel turns spent in this place as a percentage of non-inter-level travel turns spent in the entire game.
 C = Inter-level travel turns spent in this place as a percentage of turns spent in this place.
 D = Turns resting spent in this place as a percentage of non-inter-level travel turns spent in this place.
 E = Turns spent auto-exploring this place as a percentage of non-inter-level travel turns spent in this place.
 F = Non-inter-level travel turns spent in this place divided by the number of levels of this place that you've seen.
                   A       B       C       D       E      F
               +-------+-------+-------+-------+-------+----------------------
         Total | 100.0 | 100.0 |   0.3 |   0.0 |   7.8 |  55.3
       Dungeon | 100.0 | 100.0 |   0.3 |   0.0 |   7.8 |  55.3
               +-------+-------+-------+-------+-------+----------------------

Table legend:
 A = Kills in this place as a percentage of kills in entire the game.
 B = Kills by you in this place as a percentage of kills by you in the entire game.
 C = Kills by friends in this place as a percentage of kills by friends in the entire game.
 D = Other kills in this place as a percentage of other kills in the entire game.
 E = Experience gained in this place as a percentage of experience gained in the entire game.
 F = Experience gained in this place divided by the number of levels of this place that you have seen.
                   A       B       C       D       E      F
               +-------+-------+-------+-------+-------+----------------------
         Total | 100.0 | 100.0 |  -nan |  -nan | 100.0 |  19.8
       Dungeon | 100.0 | 100.0 |  -nan |  -nan | 100.0 |  19.8
               +-------+-------+-------+-------+-------+----------------------

Vault maps used:
D:1:      onia_arrival_mini_spirals
D:2:      uniq_jessica, uniq_sigmund
D:3:      bloody_trog
D:4:      nicolae_dithmenos_shadow_blocks, uniq_eustachio
D:5:      first_bread, serial_bayou_lagoon_a, nicolae_tso_carved_into_rock,
          uniq_prince_ribbit1
D:6:      minmay_temple_entry_butterflies

Action                   |  1- 3 |  4- 6 || total
-------------------------+-------+-------++-------
Melee: Short sword       |    71 |    11 ||    82
       Punch             |     1 |       ||     1
Throw: Large rock        |       |     3 ||     3
  Use: Scroll            |       |     1 ||     1
 Stab: Sleeping          |     1 |       ||     1
  Eat: Chunk             |    10 |     1 ||    11
Armor: Robe              |    47 |     5 ||    52
Dodge: Dodged            |    51 |    11 ||    62
